[Event "*** Titled Tuesday Blitz"]
[Site "Chess.com"]
[Date "2019.07.02"]
[Round "1"]
[White "NeverEverForever1990"]
[Black "Keranke"]
[Result "1/2-1/2"]
[WhiteElo "2452"]
[BlackElo "2841"]
[TimeControl "180+2"]
[EndTime "13:08:52 PDT"]
[Termination "Game drawn by repetition"]

1. d4 Nf6 2. c4 g6 3. Nc3 Bg7 4. e4 O-O 5. Be3 d6 6. Be2 e5 7. d5 a5 8. g4 Na6 9. h4 Nc5 10. f3 h5 11. g5 Nfd7 12. Qd2 f5 13. Nh3 Nb6 14. b3 Bd7 15. Nf2 f4 16.
Bxc5 dxc5 17. a4 Nc8 18. Bf1 c6 19. Bh3 Ne7 20. O-O-O Bxh3 21. Nxh3 Qb6 22. Kc2 Rfd8 23. Nf2 Kh7 24. d6 Rd7 25. dxe7 Rxd2+ 26. Rxd2 Re8 27. Rd7 Kg8 28. Rhd1 Kf7 29. R1d6 Qb4 30. Nd3 Qa3 31. Nb1 Qa2+ 32. Nb2 b5 33. Nc3 Qa3 34. Rxc6 bxa4 35.
Nbxa4 Rxe7 36. Rxe7+ Kxe7 37. Nd5+ Kf7 38. Rc7+ Kg8 39.
Rc8+ Kh7 40. Rc7 Kg8 41. Rc8+ Bf8 42. Rc7 Qa2+ 43. Nb2 Bd6 44. Rd7 Qa1 45. Nf6+ Kf8 46. Nh7+ Ke8 47. Nf6+ Kf8 48. Nh7+ Kg8 49. Nf6+ Kf8 1/2-1/2

[Event "*** Titled Tuesday Blitz"]
[Site "Chess.com"]
[Date "2019.07.02"]
[Round "1"]
[White "guillembaches"]
[Black "Kirill_Klukin"]
[Result "1/2-1/2"]
[WhiteElo "2315"]
[BlackElo "2628"]
[TimeControl "180+2"]
[EndTime "13:08:54 PDT"]
[Termination "Game drawn by repetition"]

1. e4 c5 2. Nf3 Nc6 3. d4 cxd4 4. Nxd4 e5 5. Nb5 d6 6. c4 Be7 7. N1c3 a6 8. Na3 Be6 9. Be2 Bg5 10. O-O Bxc1 11.
Rxc1 Nf6 12. Nc2 O-O 13. Qd2 Qb6 14. b3 Rfd8 15. Rfd1 h6 16. h3 Rac8 17. Nd5 Bxd5 18. exd5 Ne7 19. Qe3 Qa5 20. a4 b5 21. axb5 axb5 22.
Ra1 Qc7 23. Ra7 Qb8 24. Rxe7 bxc4 25. Bxc4 Rc5 26. Ra1 Rxd5 27. Raa7 Rd1+ 28. Kh2 d5 29. Rxf7 e4+ 30. g3 Ne8 31. Be2 Rb1 32. Nd4 Qb6 33. Bb5 Rd1 34. Bxe8 Qxd4 35. Qxd4 Rxd4 36. Rxg7+ Kh8 37.
Bg6 Rd2 38. Rh7+ Kg8 39. Rag7+ Kf8 40. Rf7+ Kg8 41. Rxh6 e3 42. Rhh7 exf2 43. Rhg7+ Kh8 44. Rh7+ Kg8 45. Rhg7+ Kh8 46. Rh7+ Kg8 1/2-1/2

[Event "*** Titled Tuesday Blitz"]
[Site "Chess.com"]
[Date "2019.07.02"]
[Round "1"]
[White "Synctel"]
[Black "Qvalda"]
[Result "0-1"]
[WhiteElo "2001"]
[BlackElo "2505"]
[TimeControl "180+2"]
[EndTime "13:08:54 PDT"]
[Termination "Qvalda won on time"]

1. e4 c5 2. Ne2 g6 3. g3 Bg7 4. Bg2 Nc6 5. c3 Nf6 6. d4 cxd4 7. cxd4 d6 8. Nbc3 O-O 9. O-O Bg4 10. h3 Bd7 11.
Be3 Rc8 12. Rc1 a6 13. Qd2 b5 14. f4 Na5 15. b3 b4 16. Nd1 Rxc1 17. Nxc1 Qb6 18.
e5 Ne8 19. Nd3 Bb5 20. N1f2 dxe5 21. fxe5 e6 22. Qxb4 Nc7 23. Rc1 Qa7 24. Qc5 Qxc5 25. Rxc5 Bxd3 26. Nxd3 Nb5 27. Nb4 Rd8 28. Nc6 Nxc6 29.
Rxc6 Nxd4 30. Bxd4 Rxd4 31. Rxa6 Bxe5 32. Kh2 Rd3 33.
Ra8+ Kg7 34. b4 Bxg3+ 35. Kg1 Rd1+ 36. Bf1 Rb1 37. b5 Bd6 38. a4 Bc5+ 39. Kg2 e5 40. a5 f5 41. b6 Rb2+ 42. Kf3 e4+ 43. Kg3 Bd6+ 44. Kh4 Kh6 0-1

[Event "*** Titled Tuesday Blitz"]
[Site "Chess.com"]
[Date "2019.07.02"]
[Round "1"]
[White "andrzej"]
[Black "darsen_sanzhaev"]
[Result "0-1"]
[WhiteElo "2306"]
[BlackElo "2647"]
[TimeControl "180+2"]
[EndTime "13:08:56 PDT"]
[Termination "darsen_sanzhaev won by checkmate"]

1. d4 Nf6 2. Bg5 Ne4 3. h4 c5 4. d5 Qa5+ 5. c3 d6 6. Nd2 Nxd2 7. Qxd2 h6 8. Bf4 Bf5 9. h5 Nd7 10. e3 g5 11. hxg6 Bxg6 12. Bd3 O-O-O 13. Ne2 Nf6 14. f3 Rg8 15. Kf2 Nxd5 16. Bxg6 Nxf4 17. Nxf4 fxg6 18.
Qd5 Bg7 19. Ne6 Rde8 20. Nxg7 Rxg7 21. Rxh6 Qb6 22. b3 Rf8 23. Qe6+ Kb8 24. Rxg6 Rxg6 25. Qxg6 c4 26. Qg7 Rc8 27. b4 Qc7 28. Rd1 a5 29. a3 axb4 30. axb4 Qd7 31. Qd4 Qa4 32. g4 Qc2+ 33.
Qd2 Qh7 34. e4 Rf8 35. Rg1 Qh3 36. Qe3 Qh2+ 37. Rg2 Qh1 38. Rg1 Qh4+ 39. Rg3 Kc7 40.
e5 Ra8 41. Qe2 b5 42. exd6+ exd6 43. Kg2 Rh8 44. Qf2 Qh1# 0-1

[Event "*** Titled Tuesday Blitz"]
[Site "Chess.com"]
[Date "2019.07.02"]
[Round "1"]
[White "PotapovaM"]
[Black "Nightlord1"]
[Result "0-1"]
[WhiteElo "2500"]
[BlackElo "2124"]
[TimeControl "180+2"]
[EndTime "13:09:01 PDT"]
[Termination "Nightlord1 won by checkmate"]

1. d4 Nf6 2. c4 e5 3. dxe5 Ng4 4. e3 Nxe5 5. Nh3 Ng6 6. Nc3 Nc6 7. Nd5 d6 8. Nhf4 Be7 9. Be2 O-O 10. O-O Nce5 11. b3 c6 12. Nxe7+ Qxe7 13. Nxg6 fxg6 14. Ba3 c5 15. Bb2 Bd7 16. Qd2 Bc6 17. f3 Rad8 18.
e4 Kh8 19. Rad1 g5 20. Qe3 h6 21. Rd2 b6 22. Rfd1 Rf6 23. h3 Kh7 24. a3 Rff8 25.
b4 Ba4 26. Rc1 Bc6 27. Kh1 Rf6 28. Kg1 Rff8 29. Qc3 Rf7 30. Qb3 Rff8 31. Bc3 h5 32. Qb2 g4 33. hxg4 hxg4 34. f4 Qh4 35. Bxe5 g3 36.
Bf3 dxe5 37. Rxd8 Rxd8 38. Kf1 Qxf4 39. Ke2 Bxe4 40. Rh1+ Kg6 41. Bh5+ Kf5 42. Qc1 Bd3+ 43. Kd1 Bb1+ 44. Ke2 Qf2# 0-1

[Event "*** Titled Tuesday Blitz"]
[Site "Chess.com"]
[Date "2019.07.02"]
[Round "1"]
[White "Michael_Scofield01"]
[Black "INLOVEWITHF"]
[Result "1-0"]
[WhiteElo "2731"]
[BlackElo "2380"]
[TimeControl "180+2"]
[EndTime "13:09:02 PDT"]
[Termination "Michael_Scofield01 won by resignation"]

1. e4 e5 2. Nf3 Nc6 3. Bb5 a6 4. Ba4 d6 5. O-O Bg4 6. d3 b5 7. Bb3 Nd4 8. Nbd2 Nxb3 9. axb3 f6 10. Re1 Ne7 11. Nf1 Ng6 12. h3 Be6 13. d4 Be7 14.
Ne3 O-O 15. Nf5 Qd7 16. Ng3 c6 17. Be3 d5 18. dxe5 Nxe5 19. Nd4 Bf7 20. Ndf5 Ng6 21.
exd5 cxd5 22. Nxe7+ Nxe7 23. Bc5 Rfe8 24. Bxe7 Rxe7 25. Rxe7 Qxe7 26. Nf5 Qe5 27. Nd4 b4 28. Qd2 a5 29. Nc6 Qd6 30. Nxb4 d4 31. Nd3 Qd5 32.
Rd1 a4 33. bxa4 Rxa4 34. b3 Ra2 35. Nb4 Qa5 36. Nxa2 Qxa2 37. Qxd4 h6 38. c4 Qxb3 39. c5 Qb5 40. Qd6 Be8 41. Qe6+ Kh7 42. Qd6 Bc6 43. Re1 Qb7 44. Re7 Qb1+ 45. Kh2 Qb5 46. Qxf6 Qb8+ 47. f4 Qg8 48. Qxc6 Qf8 49. Qe4+ Kh8 50. Re8 1-0

[Event "*** Titled Tuesday Blitz"]
[Site "Chess.com"]
[Date "2019.07.02"]
[Round "1"]
[White "Etoilegeniale"]
[Black "iturrizaga"]
[Result "0-1"]
[WhiteElo "2458"]
[BlackElo "2935"]
[TimeControl "180+2"]
[EndTime "13:09:03 PDT"]
[Termination "iturrizaga won by resignation"]

1. e4 c5 2. Nf3 g6 3. c3 Nf6 4.
e5 Nd5 5. d4 cxd4 6. cxd4 Bg7 7. Bc4 Nb6 8. Bb3 Nc6 9. O-O O-O 10. Nc3 d6 11. exd6 Qxd6 12. h3 Nxd4 13. Nxd4 Qxd4 14.
Qxd4 Bxd4 15. Nb5 Bf6 16. Nc7 Rb8 17. Bf4 e5 18. Bg3 Bd7 19. Rfe1 Rbc8 20. Nd5 Nxd5 21. Bxd5 Rfe8 22. Bxb7 Rb8 23. Bd5 Rxb2 24. Rac1 Rd2 25. Bb3 a5 26. Rc7 Be6 27. Bxe6 Rxe6 28. Rb1 Bd8 29. Rc5 f6 30. Rb7 Red6 31. Rc8 Rd7 32. Rxd7 Rxd7 33. f4 e4 34. Bf2 Kf7 35. Ra8 f5 36. g4 Ke6 37. Kg2 Rd2 38. Kg3 Rd3+ 39. Kg2 h5 40. Ra6+ Rd6 41. gxf5+ gxf5 42. Ra7 Rd2 43.
Ra6+ Kd5 44. Kf1 Rxa2 45. Rh6 h4 46. Rh5 e3 47. Rxf5+ Ke4 48. Re5+ Kxf4 49. Rxe3 Rxf2+ 50. Kxf2 Bb6 0-1

[Event "*** Titled Tuesday Blitz"]
[Site "Chess.com"]
[Date "2019.07.02"]
[Round "1"]
[White "x-6099009240"]
[Black "PaulfromSPb"]
[Result "1/2-1/2"]
[WhiteElo "2317"]
[BlackElo "2629"]
[TimeControl "180+2"]
[EndTime "13:09:03 PDT"]
[Termination "Game drawn by stalemate"]

1. e4 c5 2. Nf3 d6 3. d4 cxd4 4. Nxd4 Nf6 5. Nc3 a6 6. Nb3 g6 7.
Be2 Bg7 8. g4 b5 9. g5 Nfd7 10.
h4 Bb7 11. h5 gxh5 12. Rxh5 Nc6 13. a3 Na5 14. Nxa5 Qxa5 15. Bd2 Qc7 16. Bg4 Ne5 17. Bf5 Ng6 18. Qe2 e6 19. Bxg6 hxg6 20. Rxh8+ Bxh8 21.
O-O-O O-O-O 22. f4 Qc5 23. Be3 Qc4 24. Qxc4+ bxc4 25. Bd4 Bxd4 26. Rxd4 d5 27. Kd2 Kc7 28. Ke3 Kd6 29.
exd5 exd5 30. Ne4+ Kc6 31. Nf6 Kc5 32. b4+ Kb5 33.
Kd2 Ka4 34. Kc3 Kxa3 35. Rd1 d4+ 36. Kxc4 Rc8+ 37. Kd3 Kb2 38. Rd2 Rd8 39. Kc4 Ka3 40. Ng4 Rc8+ 41. Kxd4 Kxb4 42. Ne5 Rc7 43. c3+ Kb3 44.
Rd1 a5 45. Rb1+ Ka2 46. Rb5 a4 47. Nc4 Rxc4+ 48. Kxc4 Ba6 49. Kb4 Bxb5 50. Kxb5 Kb3 51. c4 a3 52. c5 a2 53. c6 a1=Q 54. c7 Qa8 55. Kb6 Qc8 56. Kc6 Kc4 57. Kd6 Kd4 58. Ke7 Qxc7+ 59. Kf6 Qxf4+ 60. Kg7 Qxg5 61. Kxf7 Qf5+ 62.
Kg7 g5 63. Kg8 g4 64. Kg7 g3 65. Kg8 Qd7 66. Kf8 Kc3 67. Kg8 Kb2 68. Kf8 Ka1 69. Kg8 g2 70. Kh8 g1=Q 1/2-1/2

[Event "*** Titled Tuesday Blitz"]
[Site "Chess.com"]
[Date "2019.07.02"]
[Round "1"]
[White "Alliswell998"]
[Black "petrpalachev"]
[Result "0-1"]
[WhiteElo "2402"]
[BlackElo "2773"]
[TimeControl "180+2"]
[EndTime "13:09:04 PDT"]
[Termination "petrpalachev won by resignation"]

1. e4 c5 2. Nc3 Nc6 3. f4 g6 4. Nf3 Bg7 5. Bb5 d6 6. Bxc6+ bxc6 7. d3 Nf6 8. O-O O-O 9. Qe1 Bg4 10. Nd2 Ne8 11.
Qh4 Bd7 12. f5 e6 13. Qh3 exf5 14. exf5 Bxf5 15. Rxf5 gxf5 16. Nf3 Qf6 17. Bg5 Qg6 18. Be7 Qg4 19. Bxf8 Qxh3 20. gxh3 Kxf8 21. Rf1 Bxc3 22. bxc3 Rb8 23. Ng5 h6 24. Nf3 Rb2 25. Ne1 Ng7 26. a4 Ra2 27. Rf4 Ne6 28. Rh4 Kg7 29. Kf2 f4 30.
Rg4+ Kf6 31. Rh4 Kg5 32. Rg4+ Kf5 33. Rh4 Kg6 34. Rg4+ Kh7 35. Ke2 Rxa4 36. Nf3 Ra1 37. Nd2 d5 38. Nf3 f6 39. h4 h5 40. Rg2 a5 41. Kd2 a4 42. Re2 Ng7 43. Re7 a3 44. Ra7 Kg6 45. c4 dxc4 46. dxc4 Nf5 47. Kc3 Rf1 48.
Nd2 Rf2 49. Rxa3 Nd4 50. Ra5 Ne6 51. Ra6 Rxh2 52. Rxc6 Rh3+ 53. Kb2 Kf5 54. Nb3 f3 55. Nd2 f2 56. Nf1 Rh1 57. Ne3+ Ke5 0-1

[Event "*** Titled Tuesday Blitz"]
[Site "Chess.com"]
[Date "2019.07.02"]
[Round "1"]
[White "Oleksandr_Bortnyk"]
[Black "MagnusSeinFanboy"]
[Result "1/2-1/2"]
[WhiteElo "2938"]
[BlackElo "2467"]
[TimeControl "180+2"]
[EndTime "13:09:05 PDT"]
[Termination "Game drawn by repetition"]

1. e4 c5 2. Nf3 d6 3. b3 Nf6 4.
Bd3 g6 5. Bb2 Bg7 6. e5 Nfd7 7.
Qe2 Nc6 8. Bb5 O-O 9. Bxc6 bxc6 10. O-O dxe5 11. Nxe5 Nxe5 12. Bxe5 Bxe5 13. Qxe5 Qd4 14. Re1 Bf5 15. c3 Qxe5 16. Rxe5 Rfd8 17. Rxc5 Bxb1 18. Rxb1 Rxd2 19. a4 Rad8 20. g3 R8d6 21. Re1 Rf6 22. Rf1 Rb2 23. b4 Rd6 24. Ra5 Rd7 25. Ra6 c5 26. bxc5 Rc2 27. c6 Rc7 28. Rb1 Rxc3 29. Rb7 R7xc6 30. Rxc6 Rxc6 31. Rxa7 Rc4 32. a5 Ra4 33.
Kg2 Ra3 34. h4 h5 35. a6 Kg7 36. Kf1 Ra2 37. Kg2 Ra3 38. Ra8 e6 39. Kf1 Ra2 40. Ke1 Kf6 41. Ra7 Kg7 42. Kf1 Kf6 43. Kg1 Kg7 44. Kg2 Kf6 45. Kf3 Ke5 46. Rxf7 Ra3+ 47.
Kg2 Rxa6 48. f4+ Ke4 49. Rf6 Ra2+ 50. Kh3 Kf3 51. Rxg6 Ra1 52. Kh2 Ra2+ 53. Kh3 Ra1 54. Kh2 Ra2+ 55. Kg1 Ra1+ 56. Kh2 1/2-1/2

[Event "*** Titled Tuesday Blitz"]
[Site "Chess.com"]
[Date "2019.07.02"]
[Round "1"]
[White "ChainsOfFantasia"]
[Black "CMS13"]
[Result "0-1"]
[WhiteElo "2451"]
[BlackElo "2037"]
[TimeControl "180+2"]
[EndTime "13:09:06 PDT"]
[Termination "CMS13 won by resignation"]

1. d4 d5 2. Nf3 Nf6 3. Bf4 e6 4. e3 c5 5. c3 Nc6 6. Nbd2 Bd6 7.
Bg3 O-O 8. Bd3 h6 9. Ne5 Qc7 10. f4 cxd4 11. exd4 Nd7 12. O-O b6 13. Qh5 Nf6 14. Qh3 a5 15. Rae1 Ba6 16. Bxa6 Rxa6 17. f5 exf5 18. Qxf5 Qc8 19. Qf3 Bb8 20. Qd3 Ne7 21. h3 Ra8 22. Rxf6 gxf6 23. Ng4 Kg7 24. Bh4 Qf5 25. Bxf6+ Kh7 26. Qe3 Bf4 27. Qe2 Ng6 28.
Nf3 Rae8 29. Qf2 Rxe1+ 30. Qxe1 Qe4 31. Qf2 h5 32. g3 hxg4 33. hxg4 Be3 34. Kf1 Bxf2 35.
Ng5+ Kg8 36. Nxe4 dxe4 37. Kxf2 Re8 38. Ke3 Nf8 39. d5 Nd7 40. Bd4 Nc5 41. b4 Nd3 42.
Bxb6 axb4 43. c4 Ne5 44. Kd4 e3 45. Ba5 e2 46. Bxb4 Nf3+ 47. Kc5 e1=Q 48. Bxe1 Nxe1 49. d6 Nd3+ 50. Kd4 Ne5 51. c5 Nc6+ 52. Kd5 Ne5 53.
c6 Nxc6 54. Kxc6 Kf8 55. Kc7 Re3 56. a4 Rc3+ 57. Kb6 Ke8 58. a5 Kd7 59. a6 Ra3 60. a7 Kxd6 61. Kb7 Rb3+ 62. Kc8 Ra3 63. Kb8 Ke5 64. a8=Q Rxa8+ 65. Kxa8 Ke4 66. Ka7 Kf3 67. Kb6 Kxg4 68. Kc5 Kxg3 69. Kd4 f5 70. Ke3 f4+ 71. Ke2 Kg2 72. Kd3 f3 73. Kd2 f2 0-1

[Event "*** Titled Tuesday Blitz"]
[Site "Chess.com"]
[Date "2019.07.02"]
[Round "1"]
[White "colegiodemadrid"]
[Black "Jospem"]
[Result "0-1"]
[WhiteElo "2450"]
[BlackElo "2881"]
[TimeControl "180+2"]
[EndTime "13:09:07 PDT"]
[Termination "Jospem won by resignation"]

1. e4 c5 2. Nf3 d6 3. d4 cxd4 4.
Nxd4 Nf6 5. Nc3 a6 6. Bg5 Nbd7 7.
f4 h6 8. Bh4 g5 9. fxg5 hxg5 10.
Bxg5 Qb6 11. Qd2 Qxb2 12. Rb1 Qa3 13. Be2 e6 14. O-O Be7 15. Kh1 Qc5 16. Be3 Qc7 17. h3 b6 18. Bf3 Bb7 19. Bg5 Rc8 20. Nce2 Bxe4 21. Bxf6 Nxf6 22. Bxe4 Nxe4 23. Qf4 Ng5 24. Nf3 Rg8 25. Nxg5 Bxg5 26. Qa4+ Qc6 27. Qxa6 Be3 28.
Qb5 Qxb5 29. Rxb5 Rxc2 30. Re1 Bf2 31. Rc1 Rxc1+ 32. Nxc1 Kd7 33. a4 Ra8 34. Rb4 e5 35. g4 d5 36. Nd3 Bd4 37. Kg2 Kd6 38. h4 Rg8 39. Kh3 Be3 40. h5 e4 41. Ne1 Bc5 42.
Rb5 d4 43. Ng2 d3 44. Rb1 Ke5 45. h6 Rg6 46. g5 Rxg5 47. Kh4 Rxg2 48. Rh1 Rg8 49.
h7 Rd8 50. Kg5 d2 0-1

[Event "*** Titled Tuesday Blitz"]
[Site "Chess.com"]
[Date "2019.07.02"]
[Round "1"]
[White "BAS8892"]
[Black "TBergh98"]
[Result "1-0"]
[WhiteElo "2619"]
[BlackElo "2287"]
[TimeControl "180+2"]
[EndTime "13:09:07 PDT"]
[Termination "BAS8892 won by checkmate"]

1. e4 Nf6 2. e5 Nd5 3. c4 Nb6 4. a4 a5 5. Nc3 d6 6. Nf3 Nc6 7.
exd6 exd6 8. d4 Be7 9. Bd3 Bg4 10. Be3 O-O 11. h3 Bh5 12. O-O Nb4 13. Be2 c6 14.
b3 Bg6 15. Rc1 d5 16. Ne5 Bf6 17. f4 Bf5 18. c5 Nc8 19. g4 Be4 20. Qd2 Ne7 21.
f5 Bh4 22. Bf4 f6 23. Nf3 Bxf3 24. Bxf3 Re8 25. Kg2 b6 26. Rcd1 bxc5 27. dxc5 Kh8 28. Ne2 Ng8 29. Nd4 Qe7 30. Ne6 Qa7 31. Bd6 Nh6 32.
Nc7 Nf7 33. Nxa8 Qxa8 34. Bf4 Qa7 35. Qc3 Ng5 36. Rd2 Ne4 37. Bxe4 dxe4 38. Rfd1 Nd5 39. Rxd5 cxd5 40. Rxd5 e3 41. Bxe3 Qc7 42. Bg1 Re2+ 43. Kf1 Re1+ 44. Kg2 Re2+ 45. Kh1 h6 46. Rd6 Qe7 47. Qd3 Qe5 48. Qd5 Qb2 49. Rd8+ Kh7 50. Qg8# 1-0

[Event "*** Titled Tuesday Blitz"]
[Site "Chess.com"]
[Date "2019.07.02"]
[Round "1"]
[White "Gogolev_Artemy"]
[Black "SalgadoChess91"]
[Result "0-1"]
[WhiteElo "2432"]
[BlackElo "2832"]
[TimeControl "180+2"]
[EndTime "13:09:12 PDT"]
[Termination "SalgadoChess91 won by resignation"]

1. Nf3 d5 2. d4 Nf6 3. c4 e6 4. g3 Bb4+ 5. Bd2 Be7 6. Bg2 O-O 7. Qc2 Nbd7 8. O-O c6 9. b3 Ne4 10.
Nc3 Nxd2 11. Qxd2 Rb8 12. e4 Nf6 13. Qf4 Bd7 14. e5 Ne8 15. Rac1 b6 16. Rfd1 Nc7 17. h4 Rc8 18. Bf1 Ba3 19. Rc2 Qe7 20. Bd3 h6 21.
Qe3 Bb4 22. Rcc1 Rfd8 23. h5 c5 24. cxd5 exd5 25. Bb1 Bxc3 26. Rxc3 Ne6 27. Qd3 Nf8 28. Rdc1 Bg4 29. Nh4 Qg5 30. dxc5 bxc5 31. Qa6 d4 32. f4 Qxh5 33. Rxc5 Rxc5 34. Rxc5 Be2 35. Qa5 Ne6 36.
Rd5 Rc8 37. Qd2 Ba6 38. f5 Ng5 39. Rxd4 Nf3+ 40. Nxf3 Qxf3 41. Rd8+ Rxd8 42. Qxd8+ Kh7 43. f6+ g6 44. Qd2 Qxg3+ 45. Qg2 Qe1+ 46. Kh2 Qxb1 47.
e6 fxe6 48. f7 Qf5 49. Qa8 Qxf7 0-1

[Event "*** Titled Tuesday Blitz"]
[Site "Chess.com"]
[Date "2019.07.02"]
[Round "1"]
[White "oskariot"]
[Black "Khanya_Mazibuko"]
[Result "1-0"]
[WhiteElo "2603"]
[BlackElo "2245"]
[TimeControl "180+2"]
[EndTime "13:09:16 PDT"]
[Termination "oskariot won on time"]

1. c4 e5 2. g3 f5 3. Nc3 Nc6 4. Bg2 Nf6 5. e3 d5 6. Nge2 d4 7. exd4 exd4 8. Nd5 Be6 9. Nef4 Bf7 10. O-O Be7 11.
Nxe7 Nxe7 12. Bxb7 Rb8 13. Bg2 O-O 14. Re1 Bxc4 15. d3 Bf7 16. Ne6 Bxe6 17. Rxe6 Qd7 18. Ra6 c5 19. Qa4 Qxa4 20. Rxa4 Ned5 21. Rxa7 Rfe8 22. Bg5 Rxb2 23. Bxf6 Nxf6 24. a4 Ree2 25. Rb7 Rbd2 26. Rf1 Ng4 27. Bd5+ Kf8 28. Rf7+ Ke8 29. Rxf5 Ne5 30. a5 g6 31. Rf6 Nxd3 32. a6 Re7 33.
Ra1 Ra7 34. Rf7 Rxf7 35. Bxf7+ Kxf7 36. a7 Nxf2 37. a8=Q Nh3+ 38. Kf1 Rxh2 39. Ra7+ Kf6 40. Qd8+ Kf5 41. Qd5+ Kg4 42. Qxc5 Kf3 43. Rf7+ Ke3 44. Qe5+ Kd3 45. Rf3+ Kc4 46. Qe6+ Kc5 47. Ke1 1-0

[Event "*** Titled Tuesday Blitz"]
[Site "Chess.com"]
[Date "2019.07.02"]
[Round "1"]
[White "Zarikovs1999"]
[Black "Spring199"]
[Result "1-0"]
[WhiteElo "2555"]
[BlackElo "2197"]
[TimeControl "180+2"]
[EndTime "13:09:16 PDT"]
[Termination "Zarikovs1999 won by checkmate"]

1. e4 e5 2. Nf3 Nc6 3. Bb5 a6 4. Ba4 Nf6 5. O-O Be7 6. Re1 b5 7. Bb3 O-O 8. d3 d6 9. c3 Nb8 10. Nbd2 Nbd7 11. Nf1 c5 12. Ng3 Nb6 13. d4 exd4 14.
cxd4 Bg4 15. Be3 c4 16. Bc2 h6 17. h3 Bd7 18. Qd2 Qc8 19. Nf5 Bxf5 20. exf5 Nbd5 21. Bf4 Nxf4 22. Qxf4 Nd5 23. Qe4 Nb4 24. f6 Nxc2 25. fxe7 Nxe1 26. exf8=Q+ Qxf8 27. Rxe1 Rd8 28. d5 g6 29. Nd4 Qg7 30. Nc6 Rf8 31. Re2 Kh7 32.
Qe7 Rc8 33. Qxd6 b4 34. Qxb4 Qf6 35. Qe7 Qf5 36. Ne5 Kg7 37. d6 c3 38. bxc3 Rxc3 39. Nf3 Rc1+ 40. Re1 Rxe1+ 41. Qxe1 Kf6 42. Qe7+ Kg7 43.
Qe5+ Qxe5 44. Nxe5 Kf6 45. d7 Ke7 46. Nxf7 Kxd7 47. Nxh6 a5 48. g4 Kc6 49. f4 a4 50.
f5 Kd6 51. Kf2 gxf5 52. gxf5 Ke5 53. Kf3 a3 54. Kg4 Kf6 55. Kf4 Kg7 56. Kg5 Kh8 57.
Ng4 Kg7 58. f6+ Kf7 59. Kf5 Kf8 60. Ke6 Ke8 61. f7+ Kf8 62. Ne5 Kg7 63. Ke7 Kh7 64. Ng4 Kg6 65. f8=Q Kg5 66. Qf6+ Kh5 67. Qh6# 1-0

[Event "*** Titled Tuesday Blitz"]
[Site "Chess.com"]
[Date "2019.07.02"]
[Round "1"]
[White "Grootneus"]
[Black "IwkooO"]
[Result "0-1"]
[WhiteElo "2147"]
[BlackElo "2537"]
[TimeControl "180+2"]
[EndTime "13:09:16 PDT"]
[Termination "IwkooO won by resignation"]

1. e4 c5 2. c3 d5 3. exd5 Qxd5 4. d4 Nc6 5. Nf3 Bg4 6. Nbd2 cxd4 7. Bc4 Qa5 8. Qb3 O-O-O 9. Bxf7 dxc3 10. bxc3 Nf6 11.
O-O e5 12. Be6+ Bxe6 13. Qxe6+ Nd7 14. Nc4 Qxc3 15. Bb2 Qb4 16. Ba3 Qa4 17. Bxf8 Rhxf8 18. Rab1 Kb8 19. Nd6 Nb6 20. Nxe5 Nxe5 21. Qxe5 Qf4 22.
Qxf4 Rxf4 23. Nb5 Rd2 24. Rfd1 Rfxf2 25. Rxd2 Rxd2 26. Rf1 a6 27. Rf8+ Nc8 28. Nc3 Rc2 29. Nd5 Rxa2 30. Rf7 Rd2 31. Nc3 Rc2 32. Nd5 Rc5 33. Ne3 Rc7 34. Rf8 a5 35. Nd5 Rc5 36.
Nb6 Rc6 37. Nd7+ Ka7 38. Ne5 Rc7 39. Nd3 Nb6 40. Rf5 a4 41. Ra5+ Kb8 42. Ne5 Nc4 43.
Nxc4 Rxc4 44. Kf2 b6 45. Rb5 Kb7 46. Ke3 Ka6 47. Rb2 b5 48. Kd3 Ka5 49. h3 a3 50.
Rb1 Ka4 51. g4 Rc7 52. h4 b4 53. g5 b3 54. h5 a2 55. Rh1 b2 56. Rh4+ Ka3 57. g6 b1=Q+ 0-1

[Event "*** Titled Tuesday Blitz"]
[Site "Chess.com"]
[Date "2019.07.02"]
[Round "1"]
[White "Blitzstream"]
[Black "MFBerna"]
[Result "1-0"]
[WhiteElo "2780"]
[BlackElo "2403"]
[TimeControl "180+2"]
[EndTime "13:09:17 PDT"]
[Termination "Blitzstream won by resignation"]

1. d4 d5 2. Bf4 c6 3. e3 Bf5 4. c4 e6 5. Nc3 Nd7 6. Nf3 Be7 7. h3 h6 8. Qb3 Qb6 9. c5 Qxb3 10.
axb3 a6 11. b4 Rc8 12. Nd2 f6 13. Nb3 e5 14. Bg3 Bd8 15. Kd2 Ne7 16. Bd3 Bxd3 17. Kxd3 Kf7 18. Na5 Rb8 19. e4 Bc7 20. Rhe1 dxe4+ 21. Nxe4 Nd5 22. Kc4 f5 23. Nd6+ Bxd6 24. cxd6 e4 25.
Be5 Rhe8 26. f4 exf3 27. gxf3 g5 28. Kb3 Re6 29. Nc4 Rbe8 30. Bg3 f4 31. Bf2 Re2 32. Ne5+ R8xe5 33. dxe5 Rxe5 34. Rxe5 Nxe5 35. Re1 Nd3 36. d7 Nxe1 37. d8=Q Nxf3 38. Qd7+ Kf6 39. Qxb7 Nd2+ 40. Kc2 Ne4 41. Qxc6+ Ke5 42. Be1 h5 43. Qe8+ Kf5 44. Qxh5 Ne3+ 45. Kb1 Nf6 46. Qe2 Ke4 47. Qxa6 Nfd5 48.
b5 f3 49. b6 Ng2 50. Bf2 Ngf4 51. b7 1-0

[Event "*** Titled Tuesday Blitz"]
[Site "Chess.com"]
[Date "2019.07.02"]
[Round "1"]
[White "benhal"]
[Black "GMKrikor"]
[Result "0-1"]
[WhiteElo "2375"]
[BlackElo "2726"]
[TimeControl "180+2"]
[EndTime "13:09:17 PDT"]
[Termination "GMKrikor won by resignation"]

1. c4 c5 2. Nc3 Nc6 3. g3 g6 4. Bg2 Bg7 5. e4 d6 6. Nge2 e6 7. O-O Nge7 8. d3 Nd4 9. a3 a5 10. Rb1 Nec6 11. Nxd4 cxd4 12. Nb5 O-O 13. b4 axb4 14.
axb4 e5 15. c5 dxc5 16. bxc5 Qe7 17. Nd6 Rd8 18. h4 Rb8 19. Rb6 Be6 20. Bg5 f6 21.
Bd2 Qc7 22. Qb1 Bf8 23. Nxb7 Rdc8 24. Rc1 Be7 25. Na5 Bxc5 26. Rxb8 Rxb8 27. Qa1 Nxa5 28.
Bxa5 Qd6 29. Bd2 Bb4 30. Bxb4 Qxb4 31. Qa7 Qb7 32. Qa5 Qb6 33. Qa3 Qb2 34. Ra1 Qxa3 35.
Rxa3 Rb7 36. Kh2 Kf7 37. Bh3 Bb3 38. f4 Bc2 39. fxe5 fxe5 40. Bf1 Rb3 41. Rxb3 Bxb3 42.
Kg2 Ke7 43. g4 Kd6 44. g5 Kc5 45. Kf2 Kb4 46. Ke1 Kc3 47. h5 Bc2 48. hxg6 hxg6 49. Bh3 Bxd3 50. Bf5 gxf5 51. g6 fxe4 0-1

[Event "*** Titled Tuesday Blitz"]
[Site "Chess.com"]
[Date "2019.07.02"]
[Round "1"]
[White "josiwales"]
[Black "penguingm1"]
[Result "0-1"]
[WhiteElo "2465"]
[BlackElo "2962"]
[TimeControl "180+2"]
[EndTime "13:09:23 PDT"]
[Termination "penguingm1 won by resignation"]

1. e4 e5 2. Nf3 Nc6 3. Bc4 Bc5 4. c3 Nf6 5. d3 a6 6. a4 d6 7. O-O O-O 8. Na3 Be6 9. Bxe6 fxe6 10. Nc2 Ba7 11. Be3 Qe8 12. Bxa7 Rxa7 13. Ne3 Ra8 14. a5 h6 15. Qb3 Qd7 16. h3 Kh7 17. Nc4 Nh5 18. d4 exd4 19. cxd4 Nf4 20. Qe3 Qf7 21. Kh2 Qh5 22. Ncd2 Rf7 23. e5 Raf8 24. Rg1 Kg8 25. Ra3 Nb4 26. exd6 cxd6 27. Rb3 Nbd5 28. Qe4 Kh8 29. Rc1 g5 30. Ng1 g4 31. Rg3 Rg7 32. Nf1 Qh4 33. Ne3 h5 34. Nxd5 exd5 35. Qe3 Qg5 36.
Nf3 Qf6 37. Ng1 Re7 38. Qb3 Qxd4 39. hxg4 Qxf2 40. Rc2 Qd4 41. Nf3 Qf6 42. g5 Qe6 43.
Qc3+ Kg8 44. Qd4 Qe4 45. Qd2 Ng6 46. Rc1 h4 47. Rh3 Ref7 48. Re1 Qc4 49. Re6 Kg7 50. Rxg6+ Kxg6 51. Nxh4+ Kg7 52. g6 Qf4+ 53. Qxf4 Rxf4 54. Nf3 Kxg6 55. Rg3+ Kf6 56. Rg5 Rxf3 57. Rxd5 Rb3 58. Rxd6+ Ke7 59. Rd2 Rf5 60. Kg1 Rxa5 0-1

[Event "*** Titled Tuesday Blitz"]
[Site "Chess.com"]
[Date "2019.07.02"]
[Round "1"]
[White "Barrelius"]
[Black "Er_is_geen_hoop_meer"]
[Result "0-1"]
[WhiteElo "2460"]
[BlackElo "2298"]
[TimeControl "180+2"]
[EndTime "13:09:29 PDT"]
[Termination "Er_is_geen_hoop_meer won on time"]

1. Nf3 d6 2. d4 g6 3. e4 Bg7 4. Bc4 e6 5. Qe2 a6 6. Bb3 Nc6 7. c3 h6 8. O-O Nf6 9. e5 dxe5 10. dxe5 Nd7 11. Rd1 Qe7 12. Bf4 g5 13. Bg3 g4 14.
Nd4 Ncxe5 15. Nd2 c5 16. Nc2 b5 17. Ne3 c4 18. Bc2 f5 19. f4 Nf7 20. Re1 O-O 21. Nxf5 Qc5+ 22. Bf2 Qxf5 23. Bxf5 exf5 24. Nf1 Nf6 25.
Ng3 Nd6 26. Bc5 Nde4 27. Nxe4 Nxe4 28. Bxf8 Bxf8 29. Red1 Bc5+ 30. Rd4 Bb7 31. Rd1 Re8 32. Qe1 Nf6 33. Qh4 Kg7 34. Kf1 Bxd4 35. Rxd4 Re6 36. h3 Bc6 37. hxg4 Nxg4 38. Rd2 Re4 39. Rf2 Ne3+ 40. Kg1 Ng4 41. Qd8 Re6 42. Qd4+ Kg6 43. Rf1 Kh5 44. Qg7 Re2 45. Qf7+ Kh4 46. Rf3 Re1+ 47. Rf1 Re2 48. Rf3 Bxf3 49. gxf3 Ne3 50. Qg6 Rxb2 51. Qxh6+ Kg3 52. Qg5+ Kxf3 53. Kh1 Rb1+ 54.
Kh2 Ng4+ 0-1